 Dungeon Crawl Stone Soup version 0.23.2-1-ga50397a (console) character file.

Game seed: 6277623068401473114

457 Xtruder99 the Shield-Bearer (level 7, -2/59 HPs)
             Began as a Gnoll Fighter on Apr 29, 2019.
             Killed by nerve-wracking pain
             ... invoked by Grinder
              (8 damage)
             ... while paralysed by Grinder
             ... on level 3 of the Dungeon.
             The game lasted 00:11:59 (1763 turns).

Xtruder99 the Shield-Bearer (Gnoll Fighter)         Turns: 1763, Time: 00:12:00

Health: -2/59      AC:  9    Str: 18    XL:     7   Next: 6%
Magic:  10/10      EV:  2    Int: 11    God:
Gold:   126        SH:  0    Dex: 16    Spells: 10/10 levels left

rFire    . . .     SeeInvis .   o - +1 mace (crush)
rCold    . . .     Gourm    .   c - +0 shield
rNeg     . . .     Faith    .   b - +0 scale mail
rPois    .         Spirit   .   q - +0 helmet
rElec    .         Reflect  .   (no cloak)
rCorr    .         Harm     .   (no gloves)
MR       .....                  (no boots)
Stlth    +.........             (no amulet)
HPRegen  0.19/turn              (no ring)
MPRegen  0.12/turn              (no ring)

@: paralysed
A: distributed training, fangs 1, strong nose
a: no special abilities


You were on level 3 of the Dungeon.
You were not hungry.

You visited 1 branch of the dungeon, and saw 3 of its levels.

You collected 126 gold pieces.

Inventory:

Hand Weapons
 a - a +0 rapier
 h - a +0 dagger of electrocution
 m - a +0 war axe
 o - a +1 mace of crushing (weapon)
Armour
 b - a +0 scale mail (worn)
 c - a +0 shield (worn)
 q - a +0 helmet (worn)
Scrolls
 e - 5 scrolls of remove curse {unknown}
 g - 10 scrolls of identify {unknown}
 k - a scroll of amnesia {unknown}
 l - a scroll of enchant weapon {unknown}
 p - a scroll of magic mapping {unknown}
 r - a scroll of fear {unknown}
Potions
 j - a potion of magic {unknown}
 n - 2 potions of brilliance
Comestibles
 d - 4 chunks of flesh
 f - 4 rations


   Skills:
 + Level 6.9 Fighting
 + Level 5.1 Short Blades
 + Level 2.2 Long Blades
 + Level 2.2 Axes
 + Level 2.2 Maces & Flails
 + Level 2.2 Polearms
 + Level 2.2 Staves
 + Level 2.2 Slings
 + Level 2.2 Bows
 + Level 2.2 Crossbows
 + Level 2.2 Throwing
 + Level 6.9 Armour
 + Level 2.2 Dodging
 + Level 2.2 Stealth
 + Level 6.9 Shields
 + Level 2.2 Unarmed Combat
 + Level 2.2 Spellcasting
 + Level 1.7 Conjurations
 + Level 1.7 Hexes
 + Level 1.7 Charms
 + Level 1.7 Summonings
 + Level 1.7 Necromancy
 + Level 1.7 Translocations
 + Level 1.7 Transmutations
 + Level 1.7 Fire Magic
 + Level 1.7 Ice Magic
 + Level 1.7 Air Magic
 + Level 1.7 Earth Magic
 + Level 1.7 Poison Magic
 + Level 2.4 Invocations
 + Level 2.2 Evocations


You had 10 spell levels left.
You didn't know any spells.
Your spell library was empty.

Dungeon Overview and Level Annotations

Branches:
Dungeon (3/15)

Altars:
Gozag
Uskayaw

Shops:
D:2 *

Annotations:
D:3 2 transporters, Grinder; Kairos's ghost, novice DDFi


Innate Abilities, Weirdness & Mutations

Your experience applies equally to all skills.
You have very sharp teeth.
Your uncanny sense of smell can sniff out nearby items.


Message History

Grinder hits you but does no damage.
You sock Grinder!
Grinder is heavily wounded.
Grinder hits you!
You writhe in agony.
Grinder hits you.
* * * LOW HITPOINT WARNING * * *
You feel better. Grinder gestures at you.
You suddenly lose the ability to move!
Grinder hits you.
You writhe in agony.
* * * LOW HITPOINT WARNING * * *
Grinder hits you but does no damage. Grinder hits you.
* * * LOW HITPOINT WARNING * * *
Grinder hits you.
* * * LOW HITPOINT WARNING * * *
You writhe in agony.
* * * LOW HITPOINT WARNING * * *
Grinder gestures at you. Pain shoots through your body!
You die...

#.# ∆ #.# # ####### #.#
# #########.....###.###
....................
...................
#######.#
##.....###.##.
....$.#5####.....#
#.##.
#.W#@#........###+##.
#..#O#.#.#########....)
#..#O#.#.# #.....
#.$#©..# #.....
©....(#...# #.....
..##..#©.## #.....
.#..#.#.## ######.....
#..#.#.# ###..........
..##..#.# #............


You could see Grinder, 2 ogres and Kairos's ghost.

Vanquished Creatures
  Sigmund (D:2)
  A phantom (D:3)
  An orc priest (D:3)
  Jessica (D:3)
  Terence (D:3)
  An orc wizard (D:3)
  Robin (D:2)
  An adder (D:2)
  2 worms (D:2)
  2 dart slugs
  3 leopard geckos
  3 orcs (D:3)
  A giant cockroach (D:1)
  7 hobgoblins
  4 jackals (D:1)
  4 bats
  2 frilled lizards (D:1)
  16 goblins
  5 kobolds (D:1)
  3 rats (D:1)
60 creatures vanquished.

Notes
Turn   | Place    | Note
-------+----------+-------------------------------------------
     0 | D:1      | Xtruder99 the Gnoll Fighter began the quest for the Orb.
     0 | D:1      | Reached XP level 1. HP: 23/23 MP: 1/1
    45 | D:1      | Reached XP level 2. HP: 27/29 MP: 2/2
   339 | D:1      | Reached XP level 3. HP: 33/35 MP: 3/3
   789 | D:2      | Found Gozag's Platinum Reserve.
   789 | D:2      | Found an opulent altar of Gozag.
   807 | D:2      | Reached skill level 1 in Invocations
   889 | D:2      | Noticed Sigmund
   909 | D:2      | Killed Sigmund
   909 | D:2      | Reached skill level 1 in Long Blades
   909 | D:2      | Reached skill level 1 in Axes
   909 | D:2      | Reached skill level 1 in Maces & Flails
   909 | D:2      | Reached skill level 1 in Polearms
   909 | D:2      | Reached skill level 1 in Staves
   909 | D:2      | Reached skill level 1 in Slings
   909 | D:2      | Reached skill level 1 in Bows
   909 | D:2      | Reached skill level 1 in Crossbows
   909 | D:2      | Reached skill level 1 in Throwing
   909 | D:2      | Reached skill level 1 in Dodging
   909 | D:2      | Reached skill level 1 in Stealth
   909 | D:2      | Reached skill level 1 in Unarmed Combat
   909 | D:2      | Reached skill level 1 in Spellcasting
   909 | D:2      | Reached skill level 1 in Conjurations
   909 | D:2      | Reached skill level 1 in Hexes
   909 | D:2      | Reached skill level 1 in Charms
   909 | D:2      | Reached skill level 1 in Summonings
   909 | D:2      | Reached skill level 1 in Necromancy
   909 | D:2      | Reached skill level 1 in Translocations
   909 | D:2      | Reached skill level 1 in Transmutations
   909 | D:2      | Reached skill level 1 in Fire Magic
   909 | D:2      | Reached skill level 1 in Ice Magic
   909 | D:2      | Reached skill level 1 in Air Magic
   909 | D:2      | Reached skill level 1 in Earth Magic
   909 | D:2      | Reached skill level 1 in Poison Magic
   909 | D:2      | Reached skill level 1 in Evocations
   909 | D:2      | Reached XP level 4. HP: 41/41 MP: 4/6
   909 | D:2      | Reached XP level 5. HP: 47/47 MP: 4/7
  1120 | D:2      | Reached XP level 6. HP: 40/53 MP: 8/8
  1314 | D:2      | Noticed Robin
  1341 | D:2      | Killed Robin
  1527 | D:3      | Noticed Terence
  1532 | D:3      | Killed Terence
  1601 | D:3      | Found a hide-covered altar of Uskayaw.
  1601 | D:3      | Noticed a +0 dagger
  1604 | D:3      | Noticed a +0 dagger
  1632 | D:3      | Noticed Jessica
  1643 | D:3      | Killed Jessica
  1643 | D:3      | Reached skill level 5 in Short Blades
  1662 | D:3      | Noticed a phantom
  1706 | D:3      | Killed a phantom
  1706 | D:3      | Reached XP level 7. HP: 25/59 MP: 10/10
  1744 | D:3      | Found a transporter.
  1744 | D:3      | Noticed Kairos's ghost (novice DDFi)
  1750 | D:3      | Noticed Grinder
  1751 | D:3      | Found a transporter.
  1758 | D:3      | Paralysed by Grinder for 6 turns
  1763 | D:3      | Killed from afar by Grinder

Skill      XL: |  1  2  3  4  5  6 |
---------------+-------------------+-----
Invocations    | 1 2 |  2.4
Long Blades    | 1 2 |  2.2
Axes           | 1 2 |  2.2
Maces & Flails | 1 2 |  2.2
Polearms       | 1 2 |  2.2
Staves         | 1 2 |  2.2
Slings         | 1 2 |  2.2
Bows           | 1 2 |  2.2
Crossbows      | 1 2 |  2.2
Throwing       | 1 2 |  2.2
Dodging        | 1 2 |  2.2
Stealth        | 1 2 |  2.2
Unarmed Combat | 1 2 |  2.2
Spellcasting   | 1 2 |  2.2
Conjurations   | 1 |  1.7
Hexes          | 1 |  1.7
Charms         | 1 |  1.7
Summonings     | 1 |  1.7
Necromancy     | 1 |  1.7
Translocations | 1 |  1.7
Transmutations | 1 |  1.7
Fire Magic     | 1 |  1.7
Ice Magic      | 1 |  1.7
Air Magic      | 1 |  1.7
Earth Magic    | 1 |  1.7
Poison Magic   | 1 |  1.7
Evocations     | 1 2 |  2.2
Short Blades   | 5 |  5.1
Fighting       | |  6.9
Armour         | |  6.9
Shields        | |  6.9

Action                   |  1- 3 |  4- 6 |  7- 9 || total
-------------------------+-------+-------+-------++-------
Melee: Rapier            |    96 |    89 |       ||   185
       Bite              |    12 |    19 |       ||    31
       Mace              |       |    39 |     3 ||    42
  Use: Potion            |     7 |     2 |     1 ||    10
  Eat: Chunk             |       |     2 |     1 ||     3
Armor: Scale mail        |    39 |    49 |     2 ||    90
       Skin              |     3 |       |       ||     3
Dodge: Dodged            |    31 |    53 |     1 ||    85
Block: Shield            |    64 |    83 |     1 ||   148
